 Dungeon Crawl Stone Soup version 0.31.0-11-ge490571c62 (webtiles) character file.

Game seed: 11644501382663374055

59 qw the Shooter (level 3, -3/18 HPs)
             Began as a Spriggan Hunter on Feb 3, 2024.
             Slain by Grinder (7 damage)
             ... on level 3 of the Dungeon.
             The game lasted 00:00:04 (1325 turns).

qw the Shooter (Spriggan Hunter)                    Turns: 1325, Time: 00:00:05

Health: -3/18      AC:  2    Str:  7    XL:     3   Next: 78%
Magic:  4/4        EV: 19    Int: 10    God:
Gold:   55         SH:  0    Dex: 20    Spells: 2/2 levels left

rFire   . . .        a - +0 shortbow
rCold   . . .        (shield currently unavailable)
rNeg    . . .        c - +0 robe
rPois   .            (helmet restricted)
rElec   .            (no cloak)
rCorr   .            (gloves unavailable)
SInv    +            (boots unavailable)
Will    .....        (no amulet)
Stlth   ++           (no ring)
HPRegen 0.23/turn    (no ring)
MPRegen 0.09/turn

%: no passive effects
@: very quick
A: very small, no large weapons, unfitting armour, see invisible, speed 3
a: no special abilities


You were on level 3 of the Dungeon.
You visited 1 branch of the dungeon, and saw 3 of its levels.

You collected 55 gold pieces.


Innate Abilities, Weirdness & Mutations

You are very small and have problems with some larger weapons.
You are too small for most types of armour.
You have supernaturally acute eyesight. (SInv)
You cover ground extremely quickly. (Speed+++)


   Skills:
 - Level 1.5 Fighting
 - Level 5.0 Ranged Weapons
 + Level 4.0 Dodging
 - Level 1.5 Stealth


You had 2 spell levels left.
You didn't know any spells.
Your spell library was empty.

Inventory:

Hand Weapons
 a - a +0 shortbow (weapon)
Armour
 c - a +0 robe (worn)
Potions
 e - a potion of lignification {unknown}

Dungeon Overview and Level Annotations

Branches:
Dungeon (3/15)

Altars:

Shops:
D:1 (   D:2 :

Annotations:
D:3 Grinder


Message History

A kobold is nearby!
Waypoint 2 assigned to D:3.
You shoot an arrow. The arrow hits the kobold.
You kill the kobold!
A quokka comes into view.
You shoot an arrow. The arrow hits the quokka.
The quokka is heavily wounded.
You hear a shout!
Grinder comes into view.
You hear a shout!
1315 ||| STAIRDANCE The quokka closely misses you. x2
You climb upwards.
There is a stone staircase leading down here.
You shoot an arrow. The arrow hits the quokka.
You kill the quokka!
You climb downwards.
Level annotation: Grinder
There is a stone staircase leading up here.
You shoot an arrow. The arrow closely misses Grinder.
Grinder hits you.
You writhe in agony.
Grinder says, "You look like you could use a good racking."
Grinder hits you.
You writhe in agony.
You shoot an arrow. The arrow barely misses Grinder.
Grinder barely misses you.
You shoot an arrow. The arrow closely misses Grinder.
A hobgoblin comes into view.
Grinder closely misses you.
You shoot an arrow. The arrow hits Grinder.
Grinder is lightly wounded.
Grinder misses you.
You shoot an arrow. The arrow closely misses Grinder.
The arrow hits the hobgoblin!
You kill the hobgoblin!
Grinder completely misses you.
Your Ranged Weapons skill increases to level 5!
You shoot an arrow. The arrow hits Grinder.
Grinder is lightly wounded.
Grinder hits you!
You die...
Grinder says, "Now the real fun starts!"

# ### .##
# ... ..
#. #.#..
##..###.#.
.........
....?...#
#@# #5#
#.# #.#
..# ..#
... #.(.


You could see Grinder.

Vanquished Creatures
  An adder (D:2)
  A ribbon worm (D:2)
  4 ball pythons (D:1)
  7 endoplasms
  3 giant cockroaches (D:1)
  8 hobgoblins
  3 kobolds
  A quokka (D:2)
  4 bats
  2 frilled lizards (D:1)
  3 goblins
  3 rats (D:1)
40 creatures vanquished.

Notes
Turn   | Place    | Note
-------+----------+-------------------------------------------
     0 | D:1      | qw the Spriggan Hunter began the quest for the Orb.
     0 | D:1      | Reached XP level 1. HP: 10/10 MP: 2/2
     0 | D:1      | 0 ||| qw: Version: 0.3-a-157-g843a77d
     0 | D:1      | 0 ||| qw: Game counter: 3894
     0 | D:1      | 0 ||| qw: Melee chars always use a shield: true
     0 | D:1      | 0 ||| qw: God list: Okawaru
     0 | D:1      | 0 ||| qw: Allow faded altars: false
     0 | D:1      | 0 ||| qw: Do Orc after clearing Dungeon:15 true
     0 | D:1      | 0 ||| qw: Do second Lair branch before Depths: true
     0 | D:1      | 0 ||| qw: Lair rune preference: random
     0 | D:1      | 0 ||| qw: Goals: Normal
     0 | D:1      | 0 ||| PLANNING D:1-11
    33 | D:1      | Reached skill level 3 in Dodging
    60 | D:1      | Reached XP level 2. HP: 14/14 MP: 3/3
   116 | D:1      | Found a faded altar of an unknown god.
   224 | D:1      | Found Xoumerio's Antique Weapon Emporium.
   542 | D:1      | Reached XP level 3. HP: 18/18 MP: 4/4
   724 | D:1      | 724 ||| READING 3 scrolls labelled XAXTEHEU UCAE.
   724 | D:1      | 724 ||| IDENTIFYING scroll labelled LITAGE RUIR
   725 | D:1      | 725 ||| READING 2 scrolls of identify.
   725 | D:1      | 725 ||| IDENTIFYING scroll labelled VEINLA GUAF
   726 | D:1      | 726 ||| DROPPING scroll of butterflies.
   727 | D:1      | 727 ||| DROPPING scroll of fog.
   728 | D:1      | 728 ||| DROPPING scroll of blinking.
   909 | D:2      | Identified the +2 hand axe of Conflict {drain, Dex+3
                  | Stlth+}
  1202 | D:2      | Found Pute's Vocational Training.
  1300 | D:2      | 1300 ||| READING scroll of identify.
  1300 | D:2      | 1300 ||| IDENTIFYING sapphire potion
  1301 | D:2      | 1301 ||| READING scroll labelled RASTRO QEASOET.
  1302 | D:2      | 1302 ||| DROPPING potion of attraction.
  1314 | D:3      | Noticed Grinder
  1315 | D:3      | 1315 ||| STAIRDANCE
  1320 | D:3      | HP: 3/18 [Grinder (2)]
  1325 | D:3      | Reached skill level 5 in Ranged Weapons
  1325 | D:3      | Slain by Grinder

Levels and vault maps discovered:
D:1:      ncdulo_wetmaze, layout_basic, shapermc_ecumenical_altar_rom_forum,
          serial_shops, shop, minivault_4, st_stairs_7, amcnicky_mini_pool_small
D:2:      layout_rooms, chequers_serial_rivers_micro_d, minmay_splitting_lines,
          minmay_misc_feat_tower, nicolae_shop_vocational
D:3:      layout_loops_ring, mainiacjoe_overflow_large_starburst, uniq_grinder

Skill      XL: |  1  2  3 |
---------------+----------+-----
Dodging        | 3 4 |  4.0
Ranged Weapons | 5 |  5.0
Fighting       | |  1.5
Stealth        | |  1.5

Action                     || total
---------------------------++-------
   Fire: Shortbow          ||   104
    Use: Scroll            ||     4
 Armour: Robe              ||     8
  Dodge: Dodged            ||    24

Table legend:
 A = Non-vault XP
 B = Vault XP
 C = Vault XP percentage of total XP
 D = Non-vault monster count
 E = Vault monster count
 F = Vault count percentage of total count
                 A         B        C        D         E       F
            +---------+---------+-------+---------+---------+-------
      Total |      82 |       3 |   3.5 |      38 |       2 |   5.0
            +---------+---------+-------+---------+---------+-------
        D:1 |      43 |       3 |   6.5 |      25 |       2 |   7.4
        D:2 |      36 |       0 |   0.0 |      11 |       0 |   0.0
        D:3 |       3 |       0 |   0.0 |       2 |       0 |   0.0
            +---------+---------+-------+---------+---------+-------
